Oilers vs Flyers
Created - February 11, 2022 at 22:28
Goals
|
| Oilers |
2 |
2 |
2 |
6 |
| Flyers |
0 |
1 |
0 |
1 |
|
Shots
|
| Oilers |
10 |
12 |
11 |
33 |
| Flyers |
11 |
13 |
10 |
34 |
|
1st period
1. Oilers , Taylor Hall 14 (Jordan Eberle 17, Ryan Nugent-Hopkins 16) at 16:40
2. Oilers , Duncan Keith 2 (Connor McDavid 16, Benoit Pouliot 11) at 16:47
Penalties :
Duncan Keith (Edm) for Slashing (Minor) at 3:47, Maxim Lapierre (Edm) for Roughing (Minor) at 18:47
2nd period
3. Oilers , Benoit Pouliot 8 (Ryan Nugent-Hopkins 17, Cam Barker 6) at 1:10
4. Flyers , Jeff Carter 13 (Jeff Woywitka 13, Ilya Sorokin) at 8:07
5. Oilers , Ryan Nugent-Hopkins 8 (Taylor Hall 17, Duncan Keith 1) at 15:21
Penalties :
Tyler Randell (Phi) for Tripping (Minor) at 6:00
3rd period
6. Oilers , Taylor Hall 15 (Connor McDavid 17) at 1:04 (PP)
7. Oilers , Rasmus Ristolainen 6 (Jordan Eberle 18) at 8:29 (PP)
Penalties :
Jeff Carter (Phi) for Goalie Interference (Minor) at 1:02, Jordan Nolan (Phi) for Hooking (Minor) at 2:57, Jacob Trouba (Phi) for Boarding (Double Minor) at 7:41
Goalie Stats
Jonas Hiller (Edm), 33 saves from 34 shots - (0.971), W, 1-0-1, 60:00 minutes
Ilya Sorokin (Phi), 18 saves from 23 shots - (0.783), L, 4-2-1, 41:04 minutes
Steve Mason (Phi), 9 saves from 10 shots - (0.900), 18:56 minutes
Players Stats for Oilers
Player Name G A P +/- PIM S H SB GA TA FO MP PP MP PK MP
------------------------------------------------------------------------------------
Adam Larsson 0 0 0 -1 0 0 0 1 0 1 0/0 18:27 0:12 1:25
Benoit Pouliot 1 1 2 1 0 2 0 1 0 0 1/1 15:52 0:00 1:22
Brock McGinn 0 0 0 1 0 1 1 1 0 0 1/1 14:32 0:04 0:00
Cam Barker 0 1 1 2 0 0 2 0 2 0 0/0 23:59 2:07 2:33
Connor McDavid 0 2 2 1 0 2 1 0 0 0 14/22 20:10 3:45 2:25
Darnell Nurse 0 0 0 2 0 1 1 1 0 0 0/0 21:15 0:00 2:10
Duncan Keith 1 1 2 2 2 2 1 1 0 1 0/0 14:56 2:07 0:00
Dustin Brown 0 0 0 -1 0 0 1 1 0 0 0/0 10:17 0:00 0:00
Jordan Eberle 0 2 2 2 0 2 2 0 0 0 1/2 19:46 2:58 0:00
Kasperi Kapanen 0 0 0 0 0 1 2 0 0 0 1/2 11:03 3:45 0:00
Leon Draisaitl 0 0 0 0 0 1 0 0 0 0 0/1 13:36 2:58 0:11
Maxim Lapierre 0 0 0 0 2 2 0 0 1 1 3/5 11:20 0:04 0:30
Rasmus Ristolainen 1 0 1 0 0 3 1 1 1 1 0/0 23:05 4:28 1:25
Ryan Nugent-Hopkins 1 2 3 3 0 6 1 1 0 0 10/17 21:13 2:58 1:03
Taylor Hall 2 1 3 2 0 8 1 0 1 0 0/0 22:52 3:49 2:25
Ted Purcell 0 0 0 0 0 0 2 0 0 0 0/0 7:40 0:00 0:00
Tobias Enstrom 0 0 0 1 0 1 2 0 0 2 0/0 18:17 4:40 0:23
Yanni Gourde 0 0 0 0 0 1 2 0 0 1 1/3 7:40 0:00 0:00
Players Stats for Flyers
Player Name G A P +/- PIM S H SB GA TA FO MP PP MP PK MP
------------------------------------------------------------------------------------
Brian Lashoff 0 0 0 1 0 2 0 0 0 0 0/0 14:19 0:00 2:03
Brock Nelson 0 0 0 0 0 5 1 0 2 0 0/0 9:22 0:00 1:42
Chris Mcallister 0 0 0 1 0 2 1 0 0 0 0/2 11:57 0:00 1:40
Drew Miller 0 0 0 -3 0 2 0 0 0 0 0/0 16:36 1:41 0:16
J.T. Miller 0 0 0 -1 0 1 2 1 3 0 4/8 22:25 2:17 3:46
Jacob Trouba 0 0 0 -3 4 1 1 1 0 0 0/0 25:58 2:21 2:16
Jakub Voracek 0 0 0 -1 0 3 1 0 0 2 1/1 20:08 2:17 1:12
Jeff Carter 1 0 1 -3 2 5 2 0 0 0 2/7 18:40 1:41 2:07
Jeff Woywitka 0 1 1 -3 0 0 0 3 0 0 0/0 27:48 2:21 4:19
Jonathan Ericsson 0 0 0 1 0 0 0 0 0 0 0/0 12:13 0:00 0:00
Jordan Nolan 0 0 0 -1 2 2 1 0 0 1 12/26 21:32 2:17 2:47
Marcus Kruger 0 0 0 1 0 2 0 0 1 0 0/1 10:17 0:00 0:00
Matt Smaby 0 0 0 -1 0 0 3 0 0 0 0/0 19:59 1:37 2:28
Matthew Lombardi 0 0 0 0 0 3 0 0 0 0 1/4 7:47 0:00 0:04
Nathan Beaulieu 0 0 0 -1 0 1 0 0 0 0 0/0 19:59 1:37 2:28
Niclas Bergfors 0 0 0 -3 0 1 4 1 1 1 0/0 16:13 1:41 0:00
Travis Zajac 0 0 0 1 0 1 0 0 0 0 2/5 10:17 0:00 0:00
Tyler Randell 0 0 0 0 2 3 2 0 0 1 0/0 7:39 0:00 0:00
3 Stars
1 - Taylor Hall (Edm)
2 - Ryan Nugent-Hopkins (Edm)
3 - Jonas Hiller (Edm)
Power Play
Oilers - 2 on 5 Attempt(s) - 40.00%
Flyers - 0 on 2 Attempt(s) - 0.00%
Penalty Kill
Oilers - 2 on 2 Attempt(s) - 100.00%
- Score 0 goal in Penalty Kill
Flyers - 3 on 5 Attempt(s) - 60.00%
- Score 0 goal in Penalty Kill
Team Stat
Oilers - Hits : 20 - Faceoff Wins : 32 - Blocked Shots : 8 - Penalty Minutes : 4
Flyers - Hits : 18 - Faceoff Wins : 22 - Blocked Shots : 6 - Penalty Minutes : 10
Official
Referees : Ian Walsh and Kyle Rehman
Linesman : Jonny Murray and Andrew Smith
Game Notes
Steve Mason enters game at 1:04 of 3rd period
Finance
Level 1 -- Attendance: 4143 (69.05%) -- Ticket Income $517,875
Level 2 -- Attendance: 3584 (71.68%) -- Ticket Income $268,800
Level 3 -- Attendance: 1279 (63.95%) -- Ticket Income $63,950
Level 4 -- Attendance: 2161 (54.03%) -- Ticket Income $86,440
Luxury Box -- Attendance: 749 (74.90%) -- Ticket Income $187,250
Game was played at the Wells Fargo Center.
Total Attendance: 11916 (66.20%)
Total Ticket Income: $1,124,315
Other Income: $168,647
Total Income: $1,292,962
Oilers
5 vs 5 Forward
Center Left Wing Right Wing Time % Phy DF OF
1 Ryan Nugent-Hopkins Taylor Hall Jordan Eberle 40 1 2 2
2 Connor McDavid Benoit Pouliot Brock McGinn 30 1 2 2
3 Maxim Lapierre Leon Draisaitl Dustin Brown 20 1 2 2
4 Yanni Gourde Ted Purcell Kasperi Kapanen 10 1 2 2
5 vs 5 Defense
Defense Defense Time % Phy DF OF
1 Cam Barker Rasmus Ristolainen 40 1 2 2
2 Darnell Nurse Adam Larsson 30 1 2 2
3 Tobias Enstrom Duncan Keith 20 1 2 2
4 Cam Barker Darnell Nurse 10 1 2 2
PowerPlay Forward
Center Left Wing Right Wing Time % Phy DF OF
1 Connor McDavid Taylor Hall Kasperi Kapanen 60 1 2 2
2 Ryan Nugent-Hopkins Leon Draisaitl Jordan Eberle 40 1 2 2
PowerPlay Defense
Defense Defense Time % Phy DF OF
1 Rasmus Ristolainen Tobias Enstrom 60 1 2 2
2 Cam Barker Duncan Keith 40 1 2 2
Penalty Kill 4 Players Forward
Center Wing Time % Phy DF OF
1 Connor McDavid Taylor Hall 60 1 2 2
2 Ryan Nugent-Hopkins Benoit Pouliot 40 1 2 2
Penalty Kill 4 Players Defense
Defense Defense Time % Phy DF OF
1 Cam Barker Darnell Nurse 60 1 2 2
2 Rasmus Ristolainen Adam Larsson 40 1 2 2
Penalty Kill - 3 Players Forward
Forward Time % Phy DF OF
1 Connor McDavid 60 1 2 2
2 Ryan Nugent-Hopkins 40 1 2 2
Penalty Kill - 3 Players Defense
Defense Defense Time % Phy DF OF
1 Cam Barker Darnell Nurse 60 1 2 2
2 Rasmus Ristolainen Adam Larsson 40 1 2 2
4 vs 4 Forward
Center Wing Time % Phy DF OF
1 Connor McDavid Taylor Hall 60 1 2 2
2 Ryan Nugent-Hopkins Benoit Pouliot 40 1 2 2
4 vs 4 Defense
Defense Defense Time % Phy DF OF
1 Cam Barker Darnell Nurse 60 1 2 2
2 Rasmus Ristolainen Adam Larsson 40 1 2 2
Last Minutes Offensive
Center Left Wing Right Wing Defense Defense
Connor McDavid Taylor Hall Jordan Eberle Cam Barker Darnell Nurse
Last Minutes Defensive
Center Left Wing Right Wing Defense Defense
Connor McDavid Taylor Hall Jordan Eberle Cam Barker Darnell Nurse
Goaltenders
Starting : Jonas Hiller
Backup : James Reimer
Extra Forwards
Normal : Connor McDavid, Leon Draisaitl, Ryan Nugent-Hopkins - PP : Connor McDavid, Leon Draisaitl - PK : Connor McDavid
Extra Defensemen
Normal : Adam Larsson, Tobias Enstrom, Duncan Keith - PP : Adam Larsson - PK : Adam Larsson, Tobias Enstrom
Penalty Shots
Taylor Hall, Jordan Eberle, Connor McDavid, Benoit Pouliot, Dustin Brown
Scratches
Jordan Caron (Healthy)
Flyers
5 vs 5 Forward
Center Left Wing Right Wing Time % Phy DF OF
1 Jordan Nolan J.T. Miller Jakub Voracek 40 1 2 2
2 Jeff Carter Drew Miller Niclas Bergfors 30 1 2 2
3 Travis Zajac Chris Mcallister Marcus Kruger 20 1 2 2
4 Matthew Lombardi Brock Nelson Tyler Randell 10 1 2 2
5 vs 5 Defense
Defense Defense Time % Phy DF OF
1 Jacob Trouba Jeff Woywitka 40 1 2 2
2 Matt Smaby Nathan Beaulieu 30 1 2 2
3 Jonathan Ericsson Brian Lashoff 20 1 2 2
4 Jacob Trouba Jeff Woywitka 10 1 2 2
PowerPlay Forward
Center Left Wing Right Wing Time % Phy DF OF
1 Jordan Nolan J.T. Miller Jakub Voracek 60 1 2 2
2 Jeff Carter Drew Miller Niclas Bergfors 40 1 2 2
PowerPlay Defense
Defense Defense Time % Phy DF OF
1 Jacob Trouba Jeff Woywitka 60 1 2 2
2 Matt Smaby Nathan Beaulieu 40 1 2 2
Penalty Kill 4 Players Forward
Center Wing Time % Phy DF OF
1 J.T. Miller Jordan Nolan 60 1 2 2
2 Jeff Carter Jakub Voracek 40 1 2 2
Penalty Kill 4 Players Defense
Defense Defense Time % Phy DF OF
1 Jacob Trouba Jeff Woywitka 60 1 2 2
2 Matt Smaby Nathan Beaulieu 40 1 2 2
Penalty Kill - 3 Players Forward
Forward Time % Phy DF OF
1 J.T. Miller 60 1 2 2
2 Jordan Nolan 40 1 2 2
Penalty Kill - 3 Players Defense
Defense Defense Time % Phy DF OF
1 Jacob Trouba Jeff Woywitka 60 1 2 2
2 Matt Smaby Nathan Beaulieu 40 1 2 2
4 vs 4 Forward
Center Wing Time % Phy DF OF
1 J.T. Miller Jordan Nolan 60 1 2 2
2 Jeff Carter Jakub Voracek 40 1 2 2
4 vs 4 Defense
Defense Defense Time % Phy DF OF
1 Jacob Trouba Jeff Woywitka 60 1 2 2
2 Matt Smaby Nathan Beaulieu 40 1 2 2
Last Minutes Offensive
Center Left Wing Right Wing Defense Defense
Jordan Nolan J.T. Miller Jakub Voracek Jacob Trouba Jeff Woywitka
Last Minutes Defensive
Center Left Wing Right Wing Defense Defense
Jordan Nolan J.T. Miller Jakub Voracek Jacob Trouba Jeff Woywitka
Goaltenders
Starting : Ilya Sorokin
Backup : Steve Mason
Extra Forwards
Normal : Travis Zajac, Marcus Kruger, Chris Mcallister - PP : Travis Zajac, Marcus Kruger - PK : Chris Mcallister
Extra Defensemen
Normal : Jonathan Ericsson, Brian Lashoff, Matt Smaby - PP : Jonathan Ericsson - PK : Brian Lashoff, Matt Smaby
Penalty Shots
J.T. Miller, Jordan Nolan, Jeff Carter, Jakub Voracek, Drew Miller
Scratches
Dylan Olsen (Healthy), Tomas Kubalik (Healthy)
% Time on Ice - Oilers
Lines # - Real PCT - Wanted PCT - Time Play
Normal Forward
1 - 34% - 40% - 16:38
2 - 30% - 30% - 14:40
3 - 21% - 20% - 10:17
4 - 16% - 10% - 7:40
Normal Defense
1 - 36% - 40% - 17:44
2 - 32% - 30% - 15:51
3 - 26% - 20% - 12:49
4 - 6% - 10% - 2:51
PP Forward
1 - 56% - 60% - 3:49
2 - 44% - 40% - 2:58
PP Defense
1 - 69% - 60% - 4:40
2 - 31% - 40% - 2:07
PK Forward
1 - 74% - 60% - 2:57
2 - 26% - 40% - 1:01
PK Defense
1 - 64% - 60% - 2:33
2 - 36% - 40% - 1:25
PK3 Forward
1 - 0% - 60%
2 - 0% - 40%
PK3 Defense
1 - 0% - 60%
2 - 0% - 40%
44 Forward
1 - 0% - 60%
2 - 0% - 40%
44 Defense
1 - 0% - 60%
2 - 0% - 40%
Last Minute Offensive - 0:00
Last Minute Defensive - 0:00
Total
Forward - 60:00
Defense - 60:00
|
% Time on Ice - Flyers
Lines # - Real PCT - Wanted PCT - Time Play
Normal Forward
1 - 34% - 40% - 16:33
2 - 30% - 30% - 14:49
3 - 21% - 20% - 10:17
4 - 15% - 10% - 7:36
Normal Defense
1 - 40% - 40% - 19:43
2 - 32% - 30% - 15:54
3 - 25% - 20% - 12:13
4 - 3% - 10% - 1:25
PP Forward
1 - 58% - 60% - 2:17
2 - 42% - 40% - 1:41
PP Defense
1 - 59% - 60% - 2:21
2 - 41% - 40% - 1:37
PK Forward
1 - 82% - 60% - 5:35
2 - 18% - 40% - 1:12
PK Defense
1 - 64% - 60% - 4:19
2 - 36% - 40% - 2:28
PK3 Forward
1 - 0% - 60%
2 - 0% - 40%
PK3 Defense
1 - 0% - 60%
2 - 0% - 40%
44 Forward
1 - 0% - 60%
2 - 0% - 40%
44 Defense
1 - 0% - 60%
2 - 0% - 40%
Last Minute Offensive - 0:00
Last Minute Defensive - 0:00
Total
Forward - 60:00
Defense - 60:00
|
Play-by-Play
1st period
0:01 of 1st period - Ryan Nugent-Hopkins wins face-off versus Jordan Nolan in neutral zone.
0:51 of 1st period - Wrist shot by Marcus Kruger.
0:51 of 1st period - Stopped by Jonas Hiller without a rebound.
0:52 of 1st period - Maxim Lapierre wins face-off versus Marcus Kruger in Oilers zone.
1:27 of 1st period - Snap shot by Jordan Nolan.
1:27 of 1st period - Stopped by Jonas Hiller with a rebound.
1:29 of 1st period - Slapshot by Brian Lashoff.
1:29 of 1st period - Stopped by Jonas Hiller with a rebound.
1:51 of 1st period - Slapshot by Brock Nelson.
1:51 of 1st period - Stopped by Jonas Hiller with a rebound.
2:38 of 1st period - Icing by Maxim Lapierre.
2:39 of 1st period - Ryan Nugent-Hopkins wins face-off versus Jordan Nolan in Oilers zone.
3:36 of 1st period - Wrist shot by Brock Nelson.
3:36 of 1st period - Stopped by Jonas Hiller with a rebound.
3:38 of 1st period - Snap shot by Matthew Lombardi.
3:38 of 1st period - Stopped by Jonas Hiller without a rebound.
3:39 of 1st period - Jordan Nolan wins face-off versus Ryan Nugent-Hopkins in Oilers zone.
3:47 of 1st period - Minor Penalty to Duncan Keith for Slashing.
3:48 of 1st period - Jordan Nolan wins face-off versus Connor McDavid in Oilers zone.
5:47 of 1st period - Penalty to Duncan Keith is over, Duncan Keith is back on ice.
6:02 of 1st period - Slapshot by Kasperi Kapanen.
6:02 of 1st period - Stopped by Ilya Sorokin without a rebound.
6:03 of 1st period - Ryan Nugent-Hopkins wins face-off versus Travis Zajac in Flyers zone.
6:16 of 1st period - Wrist shot by Jordan Eberle.
6:16 of 1st period - Stopped by Ilya Sorokin with a rebound.
6:28 of 1st period - Duncan Keith is hit by Tyler Randell and loses puck.
6:37 of 1st period - Backhand shot by Brock Nelson.
6:37 of 1st period - Stopped by Jonas Hiller without a rebound.
6:38 of 1st period - Jakub Voracek wins face-off versus Connor McDavid in Oilers zone.
6:41 of 1st period - Snap shot by Jordan Nolan.
6:41 of 1st period - Stopped by Jonas Hiller without a rebound.
6:42 of 1st period - Connor McDavid wins face-off versus Jordan Nolan in Oilers zone.
7:09 of 1st period - Drew Miller is hit by Jordan Eberle and loses puck.
7:20 of 1st period - Slapshot by Niclas Bergfors.
7:20 of 1st period - Shot Misses the Net.
8:04 of 1st period - Snap shot by Ted Purcell.
8:04 of 1st period - Shot Misses the Net.
8:17 of 1st period - Off-side.
8:18 of 1st period - Jeff Carter wins face-off versus Connor McDavid in neutral zone.
8:25 of 1st period - Slapshot by Niclas Bergfors.
8:25 of 1st period - Stopped by Jonas Hiller with a rebound.
8:31 of 1st period - Wrist shot by Niclas Bergfors.
8:31 of 1st period - Shot Misses the Net.
8:33 of 1st period - Wrist shot by Drew Miller.
8:33 of 1st period - Shot Misses the Net.
10:05 of 1st period - Snap shot by Jakub Voracek.
10:05 of 1st period - Stopped by Jonas Hiller without a rebound.
10:06 of 1st period - Connor McDavid wins face-off versus Jeff Carter in Oilers zone.
10:37 of 1st period - Chris Mcallister is hit by Dustin Brown and loses puck.
11:58 of 1st period - Nathan Beaulieu is hit by Kasperi Kapanen and loses puck.
12:11 of 1st period - Snap shot by Marcus Kruger.
12:11 of 1st period - Stopped by Jonas Hiller without a rebound.
12:12 of 1st period - Travis Zajac wins face-off versus Maxim Lapierre in Oilers zone.
12:48 of 1st period - Snap shot by Benoit Pouliot.
12:48 of 1st period - Shot Misses the Net.
14:28 of 1st period - Slapshot by Rasmus Ristolainen.
14:28 of 1st period - Deflect By Ryan Nugent-Hopkins.
14:28 of 1st period - Stopped by Ilya Sorokin without a rebound.
14:29 of 1st period - Jordan Eberle wins face-off versus Jeff Carter in Flyers zone.
15:12 of 1st period - Snap shot by Jordan Eberle.
15:12 of 1st period - Shot Misses the Net.
15:14 of 1st period - Wrist shot by Ryan Nugent-Hopkins.
15:14 of 1st period - Stopped by Ilya Sorokin with a rebound.
15:34 of 1st period - Snap shot by Taylor Hall.
15:34 of 1st period - Stopped by Ilya Sorokin with a rebound.
15:46 of 1st period - Slapshot by Taylor Hall.
15:46 of 1st period - Stopped by Ilya Sorokin with a rebound.
15:48 of 1st period - Snap shot by Ryan Nugent-Hopkins.
15:48 of 1st period - Stopped by Ilya Sorokin with a rebound.
16:40 of 1st period - Snap shot by Taylor Hall.
16:40 of 1st period - Goal by Taylor Hall - Oilers : 1 - Flyers : 0.
16:41 of 1st period - Connor McDavid wins face-off versus Jordan Nolan in neutral zone.
16:47 of 1st period - Slapshot by Duncan Keith.
16:47 of 1st period - Goal by Duncan Keith - Oilers : 2 - Flyers : 0.
16:48 of 1st period - Benoit Pouliot wins face-off versus Jordan Nolan in neutral zone.
16:53 of 1st period - Snap shot by Connor McDavid.
16:53 of 1st period - Shot Misses the Net.
16:55 of 1st period - Slapshot by Tobias Enstrom.
16:55 of 1st period - Deflect By Jakub Voracek.
16:55 of 1st period - Stopped by Ilya Sorokin with a rebound.
17:09 of 1st period - Nathan Beaulieu is hit by Brock McGinn and loses puck.
18:47 of 1st period - Minor Penalty to Maxim Lapierre for Roughing.
18:48 of 1st period - Jordan Nolan wins face-off versus Connor McDavid in Oilers zone.
19:14 of 1st period - Cam Barker is hit by Jeff Carter and loses puck.
Goals for this period are 2 for Oilers vs 0 for Flyers.
Shots for this period are 10 for Oilers vs 11 for Flyers.
2nd period
0:01 of 2nd period - Connor McDavid wins face-off versus Jordan Nolan in neutral zone.
0:14 of 2nd period - Snap shot by J.T. Miller.
0:14 of 2nd period - Shot Hit the Post.
0:16 of 2nd period - Slapshot by Jacob Trouba.
0:16 of 2nd period - Stopped by Jonas Hiller without a rebound.
0:17 of 2nd period - Connor McDavid wins face-off versus Jordan Nolan in Oilers zone.
0:47 of 2nd period - Penalty to Maxim Lapierre is over, Maxim Lapierre is back on ice.
0:52 of 2nd period - Slapshot by Ryan Nugent-Hopkins.
0:52 of 2nd period - Stopped by Ilya Sorokin with a rebound.
0:54 of 2nd period - Snap shot by Ryan Nugent-Hopkins.
0:54 of 2nd period - Shot Hit the Post.
1:10 of 2nd period - Slapshot by Benoit Pouliot.
1:10 of 2nd period - Goal by Benoit Pouliot - Oilers : 3 - Flyers : 0.
1:11 of 2nd period - Jordan Nolan wins face-off versus Ryan Nugent-Hopkins in neutral zone.
2:05 of 2nd period - Snap shot by Leon Draisaitl.
2:05 of 2nd period - Stopped by Ilya Sorokin with a rebound.
2:19 of 2nd period - Matt Smaby is hit by Yanni Gourde and loses puck.
2:30 of 2nd period - Nathan Beaulieu is hit by Ted Purcell and loses puck.
2:54 of 2nd period - Jordan Eberle is hit by Jacob Trouba and loses puck.
3:31 of 2nd period - Snap shot by Maxim Lapierre.
3:31 of 2nd period - Stopped by Ilya Sorokin without a rebound.
3:32 of 2nd period - Maxim Lapierre wins face-off versus Matthew Lombardi in Flyers zone.
3:49 of 2nd period - Slapshot by Tyler Randell.
3:49 of 2nd period - Deflect By Maxim Lapierre.
3:49 of 2nd period - Stopped by Jonas Hiller with a rebound.
3:57 of 2nd period - Snap shot by Tyler Randell.
3:57 of 2nd period - Stopped by Jonas Hiller with a rebound.
3:59 of 2nd period - Slapshot by Brian Lashoff.
3:59 of 2nd period - Shot Misses the Net.
4:01 of 2nd period - Wrist shot by Brock Nelson.
4:01 of 2nd period - Stopped by Jonas Hiller with a rebound.
4:03 of 2nd period - Slapshot by Brian Lashoff.
4:03 of 2nd period - Stopped by Jonas Hiller without a rebound.
4:04 of 2nd period - Ryan Nugent-Hopkins wins face-off versus Jordan Nolan in Oilers zone.
4:06 of 2nd period - Icing by Taylor Hall.
4:07 of 2nd period - Ryan Nugent-Hopkins wins face-off versus Jordan Nolan in Oilers zone.
4:07 of 2nd period - Ryan Nugent-Hopkins is hit by J.T. Miller.
4:35 of 2nd period - Niclas Bergfors is hit by Darnell Nurse and loses puck.
5:30 of 2nd period - Wrist shot by Taylor Hall.
5:30 of 2nd period - Stopped by Ilya Sorokin with a rebound.
6:00 of 2nd period - Minor Penalty to Tyler Randell for Tripping.
6:01 of 2nd period - Connor McDavid wins face-off versus J.T. Miller in Flyers zone.
6:14 of 2nd period - J.T. Miller is hit by Kasperi Kapanen and loses puck.
6:37 of 2nd period - Jordan Nolan is hit by Ryan Nugent-Hopkins.
7:09 of 2nd period - Ryan Nugent-Hopkins is hit by Matt Smaby and loses puck.
7:22 of 2nd period - Connor McDavid is hit by Matt Smaby and loses puck.
8:00 of 2nd period - Penalty to Tyler Randell is over, Tyler Randell is back on ice.
8:07 of 2nd period - Wrist shot by Jeff Carter.
8:07 of 2nd period - Goal by Jeff Carter - Oilers : 3 - Flyers : 1.
8:08 of 2nd period - Jordan Nolan wins face-off versus Maxim Lapierre in neutral zone.
8:38 of 2nd period - Jordan Eberle is hit by Niclas Bergfors and loses puck.
8:49 of 2nd period - Adam Larsson is hit by Niclas Bergfors and loses puck.
8:59 of 2nd period - Off-side.
9:00 of 2nd period - Connor McDavid wins face-off versus Travis Zajac in neutral zone.
9:15 of 2nd period - Wrist shot by Benoit Pouliot.
9:15 of 2nd period - Shot Misses the Net.
10:18 of 2nd period - Snap shot by Brock Nelson.
10:18 of 2nd period - Stopped by Jonas Hiller with a rebound.
10:20 of 2nd period - Wrist shot by Matthew Lombardi.
10:20 of 2nd period - Stopped by Jonas Hiller with a rebound.
10:43 of 2nd period - Drew Miller is hit by Duncan Keith and loses puck.
11:00 of 2nd period - Tobias Enstrom is hit by Jordan Nolan and loses puck.
11:19 of 2nd period - Dustin Brown is hit by Tyler Randell.
11:29 of 2nd period - Wrist shot by Connor McDavid.
11:29 of 2nd period - Stopped by Ilya Sorokin with a rebound.
11:31 of 2nd period - Snap shot by Benoit Pouliot.
11:31 of 2nd period - Stopped by Ilya Sorokin with a rebound.
11:33 of 2nd period - Slapshot by Brock McGinn.
11:33 of 2nd period - Deflect By Connor McDavid.
11:33 of 2nd period - Stopped by Ilya Sorokin with a rebound.
11:35 of 2nd period - Slapshot by Tobias Enstrom.
11:35 of 2nd period - Shot Misses the Net.
11:37 of 2nd period - Slapshot by Duncan Keith.
11:37 of 2nd period - Deflect By Niclas Bergfors.
11:37 of 2nd period - Stopped by Ilya Sorokin without a rebound.
11:38 of 2nd period - Jordan Nolan wins face-off versus Ryan Nugent-Hopkins in Flyers zone.
12:26 of 2nd period - Snap shot by Leon Draisaitl.
12:26 of 2nd period - Shot Blocked by Jeff Woywitka.
12:52 of 2nd period - Snap shot by J.T. Miller.
12:52 of 2nd period - Stopped by Jonas Hiller with a rebound.
12:54 of 2nd period - Wrist shot by Jakub Voracek.
12:54 of 2nd period - Stopped by Jonas Hiller with a rebound.
12:56 of 2nd period - Slapshot by Nathan Beaulieu.
12:56 of 2nd period - Shot Misses the Net.
12:58 of 2nd period - Snap shot by Matt Smaby.
12:58 of 2nd period - Shot Blocked by Adam Larsson.
13:34 of 2nd period - Wrist shot by Marcus Kruger.
13:34 of 2nd period - Deflect By Connor McDavid.
13:34 of 2nd period - Shot Blocked by Benoit Pouliot.
13:34 of 2nd period - Puck is out of play.
13:35 of 2nd period - Jordan Nolan wins face-off versus Jordan Eberle in Oilers zone.
14:15 of 2nd period - Snap shot by Jeff Carter.
14:15 of 2nd period - Stopped by Jonas Hiller with a rebound.
14:57 of 2nd period - Snap shot by Travis Zajac.
14:57 of 2nd period - Shot Blocked by Duncan Keith.
15:11 of 2nd period - Slapshot by Jacob Trouba.
15:11 of 2nd period - Shot Misses the Net.
15:21 of 2nd period - Wrist shot by Ryan Nugent-Hopkins.
15:21 of 2nd period - Goal by Ryan Nugent-Hopkins - Oilers : 4 - Flyers : 1.
15:22 of 2nd period - Ryan Nugent-Hopkins wins face-off versus Jordan Nolan in neutral zone.
15:48 of 2nd period - Snap shot by Travis Zajac.
15:48 of 2nd period - Stopped by Jonas Hiller with a rebound.
16:34 of 2nd period - Slapshot by Tyler Randell.
16:34 of 2nd period - Stopped by Jonas Hiller with a rebound.
17:06 of 2nd period - Snap shot by Yanni Gourde.
17:06 of 2nd period - Stopped by Ilya Sorokin with a rebound.
17:43 of 2nd period - Tobias Enstrom is hit by Niclas Bergfors and loses puck.
18:39 of 2nd period - Slapshot by Ted Purcell.
18:39 of 2nd period - Shot Misses the Net.
19:12 of 2nd period - Brock McGinn is hit by Chris Mcallister and loses puck.
19:23 of 2nd period - Jordan Nolan is hit by Jordan Eberle and loses puck.
19:32 of 2nd period - Slapshot by Taylor Hall.
19:32 of 2nd period - Stopped by Ilya Sorokin with a rebound.
19:44 of 2nd period - Jonathan Ericsson is hit by Yanni Gourde and loses puck.
19:55 of 2nd period - Rasmus Ristolainen is hit by Brock Nelson and loses puck.
Goals for this period are 2 for Oilers vs 1 for Flyers.
Shots for this period are 12 for Oilers vs 13 for Flyers.
3rd period
0:01 of 3rd period - Jordan Nolan wins face-off versus Ryan Nugent-Hopkins in neutral zone.
0:04 of 3rd period - Snap shot by Jakub Voracek.
0:04 of 3rd period - Shot Blocked by Rasmus Ristolainen.
0:07 of 3rd period - Icing by Cam Barker.
0:08 of 3rd period - J.T. Miller wins face-off versus Ryan Nugent-Hopkins in Oilers zone.
0:18 of 3rd period - Off-side.
0:19 of 3rd period - Ryan Nugent-Hopkins wins face-off versus J.T. Miller in neutral zone.
0:34 of 3rd period - J.T. Miller is hit by Cam Barker and loses puck.
0:56 of 3rd period - Snap shot by Benoit Pouliot.
0:56 of 3rd period - Shot Misses the Net.
1:02 of 3rd period - Minor Penalty to Jeff Carter for Goalie Interference.
1:03 of 3rd period - Connor McDavid wins face-off versus J.T. Miller in Flyers zone.
1:04 of 3rd period - Snap shot by Taylor Hall.
1:04 of 3rd period - Goal by Taylor Hall - Oilers : 5 - Flyers : 1.
1:04 of 3rd period - Steve Mason enters game.
1:05 of 3rd period - Jordan Nolan wins face-off versus Ryan Nugent-Hopkins in neutral zone.
1:11 of 3rd period - Off-side.
1:12 of 3rd period - Ryan Nugent-Hopkins wins face-off versus Jordan Nolan in neutral zone.
1:21 of 3rd period - Snap shot by Rasmus Ristolainen.
1:21 of 3rd period - Shot Blocked by Jacob Trouba.
1:23 of 3rd period - Slapshot by Cam Barker.
1:23 of 3rd period - Shot Blocked by Jeff Woywitka.
1:25 of 3rd period - Slapshot by Rasmus Ristolainen.
1:25 of 3rd period - Shot Misses the Net.
1:27 of 3rd period - Wrist shot by Ryan Nugent-Hopkins.
1:27 of 3rd period - Stopped by Steve Mason without a rebound.
1:28 of 3rd period - Connor McDavid wins face-off versus Jeff Carter in Flyers zone.
2:13 of 3rd period - Snap shot by Jordan Eberle.
2:13 of 3rd period - Shot Blocked by J.T. Miller.
2:30 of 3rd period - Slapshot by Chris Mcallister.
2:30 of 3rd period - Stopped by Jonas Hiller without a rebound.
2:31 of 3rd period - Jeff Carter wins face-off versus Connor McDavid in Oilers zone.
2:57 of 3rd period - Minor Penalty to Jordan Nolan for Hooking.
2:58 of 3rd period - Connor McDavid wins face-off versus Chris Mcallister in Flyers zone.
3:09 of 3rd period - Slapshot by Rasmus Ristolainen.
3:09 of 3rd period - Stopped by Steve Mason with a rebound.
3:11 of 3rd period - Snap shot by Taylor Hall.
3:11 of 3rd period - Stopped by Steve Mason with a rebound.
4:56 of 3rd period - Maxim Lapierre is hit by Matt Smaby and loses puck.
4:57 of 3rd period - Penalty to Jordan Nolan is over, Jordan Nolan is back on ice.
5:11 of 3rd period - Snap shot by Brock McGinn.
5:11 of 3rd period - Stopped by Steve Mason without a rebound.
5:12 of 3rd period - Jordan Nolan wins face-off versus Yanni Gourde in Flyers zone.
5:53 of 3rd period - Marcus Kruger is hit by Connor McDavid and loses puck.
6:30 of 3rd period - Slapshot by Leon Draisaitl.
6:30 of 3rd period - Shot Misses the Net.
6:32 of 3rd period - Snap shot by Maxim Lapierre.
6:32 of 3rd period - Stopped by Steve Mason with a rebound.
7:20 of 3rd period - Icing by Darnell Nurse.
7:21 of 3rd period - Connor McDavid wins face-off versus Matthew Lombardi in Oilers zone.
7:41 of 3rd period - Double Minor Penalty to Jacob Trouba for Boarding.
7:42 of 3rd period - J.T. Miller wins face-off versus Connor McDavid in Flyers zone.
7:56 of 3rd period - Wrist shot by Taylor Hall.
7:56 of 3rd period - Stopped by Steve Mason without a rebound.
7:57 of 3rd period - J.T. Miller wins face-off versus Connor McDavid in Flyers zone.
8:14 of 3rd period - J.T. Miller is hit by Tobias Enstrom and loses puck.
8:29 of 3rd period - Slapshot by Rasmus Ristolainen.
8:29 of 3rd period - Goal by Rasmus Ristolainen - Oilers : 6 - Flyers : 1.
8:30 of 3rd period - J.T. Miller wins face-off versus Kasperi Kapanen in neutral zone.
8:32 of 3rd period - Off-side.
8:33 of 3rd period - Connor McDavid wins face-off versus J.T. Miller in neutral zone.
8:48 of 3rd period - Jeff Woywitka is hit by Tobias Enstrom and loses puck.
10:05 of 3rd period - Icing by Rasmus Ristolainen.
10:06 of 3rd period - Kasperi Kapanen wins face-off versus Chris Mcallister in Oilers zone.
10:29 of 3rd period - Penalty to Jacob Trouba is over, Jacob Trouba is back on ice.
10:30 of 3rd period - Ryan Nugent-Hopkins is hit by Jeff Carter and loses puck.
10:35 of 3rd period - Snap shot by Jeff Carter.
10:35 of 3rd period - Shot Misses the Net.
10:37 of 3rd period - Snap shot by Jeff Carter.
10:37 of 3rd period - Stopped by Jonas Hiller with a rebound.
10:45 of 3rd period - Slapshot by Jeff Carter.
10:45 of 3rd period - Stopped by Jonas Hiller without a rebound.
10:46 of 3rd period - Connor McDavid wins face-off versus Travis Zajac in Oilers zone.
11:41 of 3rd period - Icing by Jeff Woywitka.
11:42 of 3rd period - Jordan Nolan wins face-off versus Yanni Gourde in Flyers zone.
11:42 of 3rd period - Jordan Nolan is hit by Ted Purcell.
12:06 of 3rd period - Yanni Gourde is hit by Jakub Voracek and loses puck.
12:33 of 3rd period - Snap shot by Rasmus Ristolainen.
12:33 of 3rd period - Stopped by Steve Mason without a rebound.
12:34 of 3rd period - Ryan Nugent-Hopkins wins face-off versus Jeff Carter in Flyers zone.
13:05 of 3rd period - Snap shot by Chris Mcallister.
13:05 of 3rd period - Shot Misses the Net.
13:24 of 3rd period - Off-side.
13:25 of 3rd period - Maxim Lapierre wins face-off versus Matthew Lombardi in neutral zone.
13:37 of 3rd period - Snap shot by Brock Nelson.
13:37 of 3rd period - Shot Misses the Net.
13:51 of 3rd period - Snap shot by Taylor Hall.
13:51 of 3rd period - Deflect By Ryan Nugent-Hopkins.
13:51 of 3rd period - Shot Misses the Net.
13:51 of 3rd period - Puck is out of play.
13:52 of 3rd period - Jordan Nolan wins face-off versus Ryan Nugent-Hopkins in Flyers zone.
13:52 of 3rd period - Jordan Nolan is hit by Rasmus Ristolainen.
14:05 of 3rd period - Nathan Beaulieu is hit by Cam Barker and loses puck.
14:26 of 3rd period - Wrist shot by Connor McDavid.
14:26 of 3rd period - Shot Blocked by Niclas Bergfors.
15:27 of 3rd period - Slapshot by Adam Larsson.
15:27 of 3rd period - Shot Misses the Net.
15:29 of 3rd period - Slapshot by Adam Larsson.
15:29 of 3rd period - Shot Misses the Net.
15:31 of 3rd period - Snap shot by Darnell Nurse.
15:31 of 3rd period - Stopped by Steve Mason without a rebound.
15:32 of 3rd period - Brock McGinn wins face-off versus Jordan Nolan in Flyers zone.
15:35 of 3rd period - Wrist shot by Brock McGinn.
15:35 of 3rd period - Shot Misses the Net.
15:46 of 3rd period - Rasmus Ristolainen is hit by J.T. Miller and loses puck.
16:23 of 3rd period - Icing by Jacob Trouba.
16:24 of 3rd period - Yanni Gourde wins face-off versus Jeff Carter in Flyers zone.
16:57 of 3rd period - Wrist shot by Drew Miller.
16:57 of 3rd period - Stopped by Jonas Hiller with a rebound.
16:59 of 3rd period - Wrist shot by Drew Miller.
16:59 of 3rd period - Stopped by Jonas Hiller without a rebound.
17:00 of 3rd period - Connor McDavid wins face-off versus Jordan Nolan in Oilers zone.
17:07 of 3rd period - Wrist shot by J.T. Miller.
17:07 of 3rd period - Shot Blocked by Brock McGinn.
17:32 of 3rd period - Wrist shot by Travis Zajac.
17:32 of 3rd period - Shot Blocked by Darnell Nurse.
17:36 of 3rd period - Slapshot by Chris Mcallister.
17:36 of 3rd period - Shot Misses the Net.
17:38 of 3rd period - Snap shot by Chris Mcallister.
17:38 of 3rd period - Stopped by Jonas Hiller without a rebound.
17:39 of 3rd period - Matthew Lombardi wins face-off versus Connor McDavid in Oilers zone.
17:52 of 3rd period - Snap shot by Matthew Lombardi.
17:52 of 3rd period - Stopped by Jonas Hiller without a rebound.
17:53 of 3rd period - Ryan Nugent-Hopkins wins face-off versus Jordan Nolan in Oilers zone.
18:09 of 3rd period - Snap shot by Jakub Voracek.
18:09 of 3rd period - Shot Blocked by Ryan Nugent-Hopkins.
18:25 of 3rd period - Snap shot by Jakub Voracek.
18:25 of 3rd period - Stopped by Jonas Hiller with a rebound.
18:40 of 3rd period - Icing by Drew Miller.
18:41 of 3rd period - Travis Zajac wins face-off versus Leon Draisaitl in Flyers zone.
18:56 of 3rd period - Snap shot by Dustin Brown.
18:56 of 3rd period - Shot Blocked by Jeff Woywitka.
19:12 of 3rd period - Wrist shot by Jeff Carter.
19:12 of 3rd period - Stopped by Jonas Hiller with a rebound.
19:14 of 3rd period - Snap shot by Jeff Carter.
19:14 of 3rd period - Shot Blocked by Dustin Brown.
19:16 of 3rd period - Slapshot by Nathan Beaulieu.
19:16 of 3rd period - Deflect By Leon Draisaitl.
19:16 of 3rd period - Stopped by Jonas Hiller with a rebound.
19:24 of 3rd period - Leon Draisaitl is hit by Niclas Bergfors.
19:34 of 3rd period - Jakub Voracek is hit by Taylor Hall and loses puck.
19:45 of 3rd period - Wrist shot by Jordan Eberle.
19:45 of 3rd period - Stopped by Steve Mason with a rebound.
19:59 of 3rd period - Snap shot by Marcus Kruger.
19:59 of 3rd period - Shot Misses the Net.
Goals for this period are 2 for Oilers vs 0 for Flyers.
Shots for this period are 11 for Oilers vs 10 for Flyers.